 Dungeon Crawl Stone Soup version 0.31-a0-233-g139696dc86 (webtiles) character file.

Game seed: 3996477588340146108

258 qw the Shooter (level 5, 0/46 HPs)
             Began as a Minotaur Hexslinger on July 9, 2023.
             Slain by a white imp (1 damage)
             ... on level 4 of the Dungeon.
             The game lasted 00:01:27 (3586 turns).

qw the Shooter (Minotaur Hexslinger)                Turns: 3586, Time: 00:01:27

Health: 0/46       AC:  5    Str: 12    XL:     5   Next: 94%
Magic:  5/5        EV: 10    Int: 10    God:
Gold:   26         SH:  0    Dex: 13    Spells: 5/6 levels left

rFire   . . .        Y - +1 hand crossbow (flame)
rCold   . . .        (no shield)
rNeg    . . .        j - +0 ring mail
rPois   .            (helmet restricted)
rElec   .            (no cloak)
rCorr   .            (no gloves)
SInv    .            (no boots)
Will    ++...        (no amulet)
Stlth   +            (no ring)
HPRegen 0.27/turn    (no ring)
MPRegen 0.09/turn

%: no passive effects
@: enlightened, flying
A: horns 2, retaliatory headbutt, clumsy 1, strong-willed 1, screaming 1
a: no special abilities


You were on level 4 of the Dungeon.
You visited 1 branch of the dungeon, and saw 5 of its levels.

You collected 275 gold pieces.
You spent 249 gold pieces at shops.


Innate Abilities, Weirdness & Mutations

You have a pair of horns on your head.
You reflexively headbutt those who attack you in melee.
You are clumsy. (Dex -2)
You are strong-willed. (Will+)
You occasionally shout uncontrollably at your foes.


   Skills:
 - Level 3.7 Fighting
 - Level 6.0 Ranged Weapons
 + Level 0.0 Armour
 - Level 2.1 Dodging
 - Level 1.0 Spellcasting
 - Level 2.0 Hexes


You had 5 spell levels left.
You knew the following spells:

 Your Spells              Type           Power      Damage    Failure   Level
a - Slow                  Hex            16%        N/A       34%         1

Your spell library contained the following spells:

 Spells                   Type           Power      Damage    Failure   Level
 Inner Flame              Hex/Fire       2%         N/A       83%         3
 Portal Projectile        Hex/Tloc       4%         N/A       83%         3
 Cause Fear               Hex            2%         N/A       98%         4

Inventory:

Hand Weapons
 Y - a +1 hand crossbow of flaming (weapon)
Armour
 j - a +0 ring mail (worn)
Scrolls
 b - a scroll of identify
Potions
 a - a potion of curing
 d - a potion of mutation
 e - a potion of cancellation
 f - a potion of enlightenment
 k - a potion of attraction {unknown}

Dungeon Overview and Level Annotations

Branches:
Dungeon (5/15)
 Temple: D:4-7

Altars:
Cheibriados
Dithmenos
Elyvilon
Gozag
Kikubaaqudgha
Ru
Sif Muna
Uskayaw
Vehumet
The Shining One

Shops:
D:4 (

Annotations:
D:2 1 runed translucent door, Crazy Yiuf


Message History

The centaur unwields a +0 orcbow.
The centaur hits you. The centaur closely misses you. The centaur hits you.
The centaur kicks you. The white imp gestures at you.
The puff of frost hits you. The centaur hits you.
The centaur kicks you but does no damage.
The white imp gestures at you. The puff of frost hits you!
3584 ||| STAIRDANCE The centaur barely misses you.
The centaur kicks you but does no damage.
The ice beast hits you. The ice beast freezes you.
The white imp gestures at you. The puff of frost hits you.
You fly upwards.
There is a stone staircase leading down here.
Enter note:
Enter note:
Enter note:
Enter note:
Enter note:
Enter note:
Enter note:
Enter note:
Enter note:
Enter note:
Enter note:
Enter note:
Enter note:
Enter note:
Enter note:
Enter note:
Enter note:
Enter note: You shoot a bolt.
The bolt closely misses the white imp.
The centaur completely misses you.
The centaur kicks you but does no damage.
The centaur hits you but does no damage.
The centaur kicks you but does no damage.
The white imp hits you.
You die...

##........###....##..............
#.....###..##....##..._.....)....
..#..## ###.......##...._....###.
.##..# ##..<.............## ##
.##..# ##.##.....###......# #
....[# #.#####..###.......####
.....######.## ##.###.....#..##.
.....(.##....####..##.....###....
##.......###...Y@.........#!....#
##.####.# #..#c5...............#
#.# #.###..#####.##....###....
##.# #..##..# ##..####.## #....
#.## ##.....###...# #.## ##...
#.# #.####.....(.# ##.####...
##.#####.# #..#....# #........
........## ##.###...# ##........
.#.......###..# #...####..####...


You could see an ice beast, a centaur and a white imp.

Vanquished Creatures
  A scorpion (D:4)
  A sleepcap (D:4)
  6 adders
  A worm (D:3)
  3 dart slugs
  7 orcs
  9 endoplasms
  10 giant cockroaches
  9 goblins
  9 hobgoblins
  7 jackals
  3 quokkas
  7 ball pythons
  6 bats
  3 frilled lizards
  8 kobolds
  7 rats
97 creatures vanquished.

Notes
Turn   | Place    | Note
-------+----------+-------------------------------------------
     0 | D:1      | qw the Minotaur Hexslinger began the quest for the Orb.
     0 | D:1      | Reached XP level 1. HP: 16/16 MP: 1/1
     0 | D:1      | 0 ||| qw: Version: 0.3-a-51-g015441d
     0 | D:1      | 0 ||| qw: Game counter: 3911
     0 | D:1      | 0 ||| qw: Melee chars always use a shield: true
     0 | D:1      | 0 ||| qw: God list: Okawaru
     0 | D:1      | 0 ||| qw: Allow faded altars: false
     0 | D:1      | 0 ||| qw: Do Orc after clearing Dungeon:15 true
     0 | D:1      | 0 ||| qw: Do second Lair branch before Depths: true
     0 | D:1      | 0 ||| qw: Lair rune preference: random
     0 | D:1      | 0 ||| qw: Goals: Normal
     0 | D:1      | 0 ||| PLANNING D:1-11
   114 | D:1      | Reached skill level 3 in Ranged Weapons
   114 | D:1      | Reached XP level 2. HP: 23/23 MP: 2/2
   527 | D:1      | 527 ||| UPGRADING to +0 leather armour.
   537 | D:1      | 537 ||| DROPPING +0 robe.
   538 | D:1      | 538 ||| READING scroll labelled BUYPPI MINAI.
   539 | D:1      | 539 ||| READING scroll labelled TORHUT ITIASH.
   540 | D:1      | 540 ||| DROPPING scroll of poison.
   588 | D:2      | Reached XP level 3. HP: 29/29 MP: 3/3
   695 | D:2      | 695 ||| FLEEEEING.
   696 | D:2      | 696 ||| FLEEEEING.
   706 | D:2      | Reached skill level 4 in Ranged Weapons
   761 | D:2      | 761 ||| FLEEEEING.
   762 | D:2      | 762 ||| FLEEEEING.
   765 | D:2      | 765 ||| STAIRDANCE
   800 | D:1      | 800 ||| READING scroll labelled ISUEWI JIUDIORREI.
   926 | D:2      | Reached XP level 4. HP: 36/36 MP: 4/4
  1205 | D:2      | Found a runed translucent door.
  1206 | D:2      | Noticed Crazy Yiuf
  1328 | D:2      | 1328 ||| DROPPING +6 ring of intelligence.
  1329 | D:2      | 1329 ||| READING scroll labelled TEMOUC POVEY.
  1330 | D:2      | 1330 ||| DRINKING 2 glowing sapphire potions.
  1331 | D:2      | 1331 ||| DRINKING 2 lumpy purple potions.
  1331 | D:2      | Gained mutation: You are strong-willed. (Will+) [potion of
                  | mutation]
  1331 | D:2      | Gained mutation: You occasionally shout uncontrollably at
                  | your foes. [potion of mutation]
  1331 | D:2      | Gained mutation: You are clumsy. (Dex -2) [potion of
                  | mutation]
  1332 | D:2      | 1332 ||| DROPPING potion of invisibility.
  1377 | D:3      | Found a white marble altar of Elyvilon.
  1545 | D:3      | Reached skill level 5 in Ranged Weapons
  1662 | D:3      | Found a sacrificial altar of Ru.
  1883 | D:3      | Reached skill level 3 in Fighting
  2009 | D:3      | 2009 ||| READING 2 scrolls labelled QAOCLI YTIWN.
  2010 | D:3      | 2010 ||| READING scroll labelled DETSUI OBIUW.
  2011 | D:3      | 2011 ||| DRINKING 2 amethyst potions.
  2046 | D:4      | Found a shadowy altar of Dithmenos.
  2047 | D:4      | Found a shimmering blue altar of Sif Muna.
  2050 | D:4      | Found an ancient bone altar of Kikubaaqudgha.
  2050 | D:4      | Found a hide-covered altar of Uskayaw.
  2052 | D:4      | Found a glowing golden altar of the Shining One.
  2052 | D:4      | Found a snail-covered altar of Cheibriados.
  2062 | D:4      | Reached XP level 5. HP: 33/45 MP: 5/5
  2136 | D:4      | Found an opulent altar of Gozag.
  2328 | D:4      | Found a radiant altar of Vehumet.
  2568 | D:4      | Reached skill level 6 in Ranged Weapons
  2870 | D:4      | Found Zoafiosid's Firing Range.
  2878 | D:4      | 2878 ||| BUYING +0 arbalest (63 gold).
  2878 | D:4      | Bought a +0 arbalest for 63 gold pieces
  2878 | D:4      | 2878 ||| BUYING +1 hand crossbow of flaming (186 gold).
  2878 | D:4      | Bought a +1 hand crossbow of flaming for 186 gold pieces
  2878 | D:4      | 2878 ||| SWAPPING to +1 hand crossbow of flaming.
  2879 | D:4      | 2879 ||| DROPPING +0 arbalest.
  2880 | D:4      | 2880 ||| DROPPING +1 sling.
  3436 | D:4      | 3436 ||| UPGRADING to +0 ring mail.
  3446 | D:4      | 3446 ||| DROPPING +0 leather armour.
  3447 | D:4      | 3447 ||| READING scroll labelled HESYIF JIRATURES.
  3548 | D:4      | 3548 ||| DRINKING 2 brown potions.
  3549 | D:4      | 3549 ||| READING 4 scrolls of identify.
  3549 | D:4      | 3549 ||| IDENTIFYING puce potion
  3550 | D:4      | 3550 ||| READING 3 scrolls of identify.
  3550 | D:4      | 3550 ||| IDENTIFYING murky clear potion
  3551 | D:4      | 3551 ||| READING 2 scrolls of identify.
  3551 | D:4      | 3551 ||| IDENTIFYING glowing grey potion
  3552 | D:4      | 3552 ||| DROPPING potion of brilliance.
  3553 | D:4      | 3553 ||| DROPPING potion of ambrosia.
  3580 | D:5      | Entered Level 5 of the Dungeon
  3580 | D:5      | Noticed an ice beast
  3581 | D:5      | Noticed a centaur
  3584 | D:5      | 3584 ||| STAIRDANCE
  3584 | D:5      | HP: 10/46 [ice beast (4)]
  3584 | D:5      | HP: 4/46 [ice beast (6)]
  3584 | D:5      | HP: 1/46 [white imp/puff of frost (3)]
  3586 | D:4      | Slain by a white imp

Levels and vault maps discovered:
D:1:      nzn_arrival_depleted_hourglass, layout_rooms, kennysheep_crisscross,
          grunt_decor_one_mirror
D:2:      layout_basic, uniq_crazy_yiuf_cottage
D:3:      cheibrodos_greedy_goblins, layout_rooms, elyvilon_altar_1,
          mainiacjoe_overflow_alcove_4, grunt_ministairs_14,
          kennysheep_generic_room_11
D:4:      layout_layer_cave, vehumet_crystals, grunt_temple_overflow_open,
          nicolae_shop_firing_range
D:5:      layout_loops_cross, gammafunk_ghost_smash

Skill      XL: |  1  2  3  4  5 |
---------------+----------------+-----
Ranged Weapons | 3 4 5 6 |  6.0
Fighting       | 2 3 |  3.7
Dodging        | |  2.1
Spellcasting   | |  1.0
Hexes          | |  2.0

Action                     |  1- 3 |  4- 6 || total
---------------------------+-------+-------++-------
   Fire: Sling             |    97 |   191 ||   288
         Hand crossbow     |       |     4 ||     4
    Use: Scroll            |     3 |     7 ||    10
         Potion            |       |     4 ||     4
 Armour: Robe              |     8 |       ||     8
         Leather armour    |     4 |    31 ||    35
         Ring mail         |       |     5 ||     5
  Dodge: Dodged            |    25 |    77 ||   102

Table legend:
 A = Non-vault XP
 B = Vault XP
 C = Vault XP percentage of total XP
 D = Non-vault monster count
 E = Vault monster count
 F = Vault count percentage of total count
                 A         B        C        D         E       F
            +---------+---------+-------+---------+---------+-------
      Total |     331 |      38 |  10.3 |      83 |      14 |  14.4
            +---------+---------+-------+---------+---------+-------
        D:1 |      36 |       0 |   0.0 |      23 |       0 |   0.0
        D:2 |      76 |       0 |   0.0 |      20 |       0 |   0.0
        D:3 |      42 |      38 |  47.5 |      17 |      14 |  45.2
        D:4 |     177 |       0 |   0.0 |      23 |       0 |   0.0
            +---------+---------+-------+---------+---------+-------
